 Dungeon Crawl Stone Soup version 0.30.0-3-ga4e48a9924 (webtiles) character file.

Game seed: 13656130120182993467

30 Gelion the Trooper (level 3, -18/23 HPs)
             Began as a Gargoyle Fighter on May 7, 2023.
             Engulfed by a cloud of flame (20 damage)
             ... on level 1 of the Dungeon.
             The game lasted 00:02:21 (678 turns).

Gelion the Trooper (Gargoyle Fighter)                Turns: 678, Time: 00:02:22

Health: -18/23     AC: 10    Str: 19    XL:     3   Next: 20%
Magic:  3/3        EV:  9    Int:  8    God:
Gold:   33         SH:  4    Dex: 11    Spells: 2/2 levels left

rFire   . . .        a - +0 flail
rCold   . . .        c - +0 buckler
rNeg    + . .        b - +0 scale mail
rPois   ∞            (no helmet)
rElec   +            (no cloak)
rCorr   .            (no gloves)
SInv    .            (no boots)
Will    .....        (no amulet) Stlth
                     (no ring)
HPRegen 0.23/turn    (no ring)
MPRegen 0.08/turn

%: no passive effects
@: no status effects
A: sickness immunity, AC +3, negative energy resistance 1, electricity
resistance, torment resistance 1, petrification resistance
a: no special abilities


You were on level 1 of the Dungeon.
You visited 1 branch of the dungeon, and saw 1 of its levels.

You collected 33 gold pieces.

Inventory:

Hand Weapons
 a - a +0 flail (weapon)
Armour
 b - a +0 scale mail (worn)
 c - a +0 buckler (worn)
Scrolls
 e - 2 scrolls of identify {unknown}
 f - a scroll of amnesia {unknown}
Potions
 d - a potion of might
 g - a potion of heal wounds {unknown}


   Skills:
 + Level 3.6 Fighting
 * Level 2.7 Maces & Flails
 + Level 3.6 Armour
 + Level 3.6 Shields


You had 2 spell levels left.
You didn't know any spells.
Your spell library contained the following spells:

 Spells                   Type           Power      Damage    Failure   Level
 Foxfire                  Conj/Fire      0%         2x1d4     85%         1
 Fireball                 Conj/Fire      0%         3d3       100%        5
 Plasma Beam              Fire/Air       0%         2x1d11    100%        6
 Simulacrum               Ice/Necr       0%         N/A       100%        6
 Starburst                Conj/Fire      0%         6d3       100%        6
 Ozocubu's Refrigeration  Ice            0%         4d7       100%        7
 Polar Vortex             Ice            0%         N/A       100%        9


Dungeon Overview and Level Annotations

Branches:
Dungeon (1/15)

Altars:


Innate Abilities, Weirdness & Mutations

You are immune to sickness and miasma.
Your stone body is resilient. (AC +3)
You are immune to poison.
You resist negative energy. (rN+)
You are resistant to electric shocks. (rElec)
You are resistant to unholy torment.
You are immune to petrification.


Message History

The bat hits you but does no damage.
You sock the bat!
You kill the bat!
No target in view!
No target in view!
No target in view!
No target in view!
No target in view!
You now have 33 gold pieces (gained 11).
Things that are here:
a +0 dagger; a kobold corpse You pick up a book of Fire and begin reading...
You add the spells Foxfire, Fireball, Plasma Beam and Starburst to your library.
g - a grey potion
Things that are here:
a +0 dagger; a kobold corpse
Items here: ( ))) †.
Things that are here:
a +0 club; a stone; a kobold corpse
There is a stone staircase leading down here.
There is a stone staircase leading down here.
You enter the shallow water.
Moving in this stuff is going to be slow.
You see here 5 stones.
You see here a +0 dagger.
Found a falchion.
You see here a +0 dagger.
You see here 5 stones.
Partly explored, can't reach some items and places.
Partly explored, can't reach some items and places.
Really walk into a travel-excluded area?
Really walk into that cloud of flame?
You are engulfed in blazing flames.
Ouch! That really hurt!
* * * LOW HITPOINT WARNING * * *
Really walk into that cloud of flame?
Okay, then.
You are engulfed in blazing flames.
Ouch! That really hurt!
You die...

........###.........#
......### #...#####.#
.)....# #§§☼# #.#
#.....# #.○.# #.#
####.## #§§§# #.#
#)######...#####.#
#.#.§.§.$..(§§§..#
#....☼......☼○☼..#
#.#.☼.§.....§@○.##
#[######...######
####.## #§§☼# ......#
#§○§# ......# #..§#
......#####...#
.........###.##
.............#
##############


There were no monsters in sight!

Vanquished Creatures
  A dart slug (D:1)
  A ball python (D:1)
  A bat (D:1)
  3 endoplasms (D:1)
  6 goblins (D:1)
  2 hobgoblins (D:1)
  6 kobolds (D:1)
  2 frilled lizards (D:1)
  3 rats (D:1)
25 creatures vanquished.

Notes
Turn   | Place    | Note
-------+----------+-------------------------------------------
     0 | D:1      | Gelion the Gargoyle Fighter began the quest for the Orb.
     0 | D:1      | Reached XP level 1. HP: 14/14 MP: 1/1
   133 | D:1      | Reached XP level 2. HP: 19/19 MP: 2/2
   363 | D:1      | Found a faded altar of an unknown god.
   418 | D:1      | Reached XP level 3. HP: 23/23 MP: 3/3
   678 | D:1      | Engulfed by a cloud of flame

Illustrated notes

Levels and vault maps discovered:
D:1:      nzn_arrival_water_spiral, layout_rooms,
          shapermc_ecumenical_altar_mp_ritualfount, lemuel_flame_loot_1

Action                     || total
---------------------------++-------
  Melee: Flail             ||    80
 Armour: Scale mail        ||    32
  Dodge: Dodged            ||    38
  Block: Buckler           ||    18
